 Dungeon Crawl Stone Soup version 0.24-a0-441-g27f0392e16 (webtiles) character file.

Game seed: 15076817973969345213

1763 KristoblXynda the Slasher (level 8, -1/70 HPs)
             Began as a White Draconian Gladiator on June 19, 2019.
             Was an Initiate of Ashenzari.
             Killed by divine providence
             ... invoked by an orc priest
              (16 damage)
             ... on level 6 of the Dungeon.
             The game lasted 00:08:09 (5963 turns).

KristoblXynda the Slasher (DrGl)                    Turns: 5963, Time: 00:08:10

Health: -1/70      AC:  7    Str: 17    XL:     8   Next: 79%
Magic:  11/11      EV: 15    Int: 10    God:    Ashenzari [......]
Gold:   214        SH:  0    Dex: 13    Spells: 7/7 levels left

rFire    . . .     SeeInvis +   a - +0 long sword
rCold    + . .     Gourm    .   (no shield)
rNeg     . . .     Faith    .   (armour unavailable)
rPois    .         Spirit   .   b - +0 hat
rElec    .         Reflect  .   (no cloak)
rCorr    +         Harm     .   t - +0 pair of gloves
MR       .....                  (no boots)
Stlth    +.........             u - amulet of magic regeneration
HPRegen  0.21/turn              f - ring of resist corrosion (curse)
MPRegen  0.37/turn              s - ring of see invisible

@: no status effects
A: breathe frost, unfitting armour, cold resistance 1, cold-blooded, AC +6
a: Breathe Frost, Curse Item, Renounce Religion


You were on level 6 of the Dungeon.
You worshipped Ashenzari.
Ashenzari was noncommittal.
You were not hungry.

You visited 2 branches of the dungeon, and saw 7 of its levels.

You collected 214 gold pieces.

Inventory:

Hand Weapons
 a - a +0 long sword (weapon)
Missiles
 c - 5 throwing nets (quivered)
Armour
 b - a +0 hat (worn)
 t - a +0 pair of gloves (worn)
Jewellery
 f - a cursed ring of resist corrosion (left hand)
 p - an uncursed ring of magical power
 s - a ring of see invisible (right hand)
 u - an amulet of magic regeneration (around neck)
Wands
 o - a wand of paralysis (7)
 w - a wand of iceblast (4)
Scrolls
 g - a scroll of fog {unknown}
 j - 2 scrolls of teleportation {unknown}
 k - 2 scrolls of enchant armour {unknown}
 n - a scroll of enchant weapon {unknown}
 q - 5 scrolls of remove curse
 r - a scroll of blinking {unknown}
Potions
 e - 2 potions of magic
 h - a potion of flight
 i - 2 potions of curing
 m - a potion of ambrosia
 v - a potion of might
 x - a potion of brilliance
Comestibles
 d - 10 rations


   Skills:
 + Level 5.9 Fighting
 * Level 7.9 Long Blades
 - Level 2.0 Throwing
 + Level 5.4 Dodging
 + Level 4.3 Evocations


You had 7 spell levels left.
You didn't know any spells.
Your spell library was empty.

Dungeon Overview and Level Annotations

Branches:
Dungeon (6/15)             Temple (1/1) D:4

Altars:
Ashenzari
Cheibriados
Dithmenos
Elyvilon
Fedhas
Gozag
Hepliaklqana
Kikubaaqudgha
Makhleb
Nemelex Xobeh
Qazlal
Ru
Trog
Uskayaw
Wu Jian
The Shining One

Shops:
D:5 :


Innate Abilities, Weirdness & Mutations

You can breathe waves of freezing cold.
You can buffet flying creatures when you breathe cold.
Your icy white scales are hard. (AC +6)
You cannot fit into any form of body armour.
Your flesh is cold resistant. (rC+)
You are cold-blooded and may be slowed by cold attacks.


Message History

You hit the orc priest but do no damage.
The orc priest is heavily wounded.
You feel less wooden.
Your +0 hat unmelds from your body.
Your +0 pair of gloves unmelds from your body.
The freed slave barely misses the orc priest.
The orc priest mumbles some strange prayers to Beogh against you.
Beogh smites you!
* * * LOW HITPOINT WARNING * * *
You barely miss the orc priest.
The orc priest is heavily wounded.
The freed slave hits the orc priest.
The orc priest hits the freed slave with a +0 mace.
You catch the helpless orc priest completely off-guard!
You hit the orc priest but do no damage.
The orc priest is heavily wounded.
The freed slave hits the orc priest but does no damage.
The orc priest calls down the wrath of Beogh upon you.
Beogh smites you!
You die...

.. ... ##.# #... ...
#... #.# # #...
#.###p##.##
#...###.p@op.....
##.......$########
......##).##..
.#.#....##.#
#%.....##.# #
.###....##.####.#
#.............<..#
#................#
...................#


You could see an orc priest and 3 neutral freed slaves.

Vanquished Creatures
  Pikel (D:6)
  An ice beast (D:5)
  A sky beast (D:5)
  3 ogres
  A centaur (D:5)
  A scorpion (D:4)
  2 howler monkeys (D:4)
  2 hounds (D:4)
  3 orc priests (D:4)
  3 orc wizards
  An iron imp (D:5)
  A bullfrog skeleton (D:5)
  3 worker ants
  A worker ant zombie (D:5)
  11 gnolls
  4 adders
  2 shadow imps
  2 oozes
  4 worms
  4 dart slugs (D:1)
  3 leopard geckos
  15 orcs
  3 ball pythons
  9 giant cockroaches
  8 goblins
  4 hobgoblins
  7 jackals
  4 quokkas
  10 bats
  3 frilled lizards
  6 kobolds
  4 rats
127 creatures vanquished.

Vanquished Creatures (others)
  3 gnolls (D:6)
  2 orcs (D:6)
  7 plants (D:4)
12 creatures vanquished.

Grand Total: 139 creatures vanquished

Notes
Turn   | Place    | Note
-------+----------+-------------------------------------------
     0 | D:1      | KristoblXynda the Draconian Gladiator began the quest for
                  | the Orb.
     0 | D:1      | Reached XP level 1. HP: 17/17 MP: 1/1
    67 | D:1      | Reached XP level 2. HP: 25/25 MP: 2/2
   500 | D:1      | Reached XP level 3. HP: 30/30 MP: 3/3
   907 | D:2      | Reached skill level 4 in Long Blades
   907 | D:2      | Reached XP level 4. HP: 35/37 MP: 4/4
  1918 | D:3      | Reached XP level 5. HP: 44/45 MP: 5/5
  2270 | D:3      | Found a glowing golden altar of the Shining One.
  2622 | D:4      | Reached skill level 1 in Evocations
  2645 | D:4      | Found a shadowy altar of Dithmenos.
  2652 | D:4      | Reached skill level 5 in Long Blades
  2672 | D:4      | Reached XP level 6. HP: 14/52 MP: 7/7
  3457 | D:4      | Your scales start taking on an icy white colour.
  3457 | D:4      | Reached XP level 7. HP: 41/60 MP: 8/8
  3457 | D:4      | Gained mutation: Your flesh is cold resistant. (rC+) [White
                  | Draconian growth]
  3675 | D:4      | Reached skill level 6 in Long Blades
  3875 | D:4      | Found a staircase to the Ecumenical Temple.
  3965 | Temple   | Entered the Ecumenical Temple
  3969 | Temple   | Became a worshipper of Ashenzari the Shackled
  4368 | D:5      | Entered Level 5 of the Dungeon
  4735 | D:5      | Found Enuum's Book Boutique.
  4784 | D:5      | Reached skill level 5 in Fighting
  5051 | D:5      | Reached XP level 8. HP: 68/68 MP: 10/10
  5341 | D:5      | Found a bloodstained altar of Trog.
  5412 | D:5      | Reached skill level 7 in Long Blades
  5415 | D:5      | Found a snail-covered altar of Cheibriados.
  5619 | D:5      | Reached skill level 5 in Dodging
  5909 | D:6      | Noticed Pikel
  5937 | D:6      | Killed Pikel
  5963 | D:6      | Killed from afar by an orc priest

Levels and vault maps discovered:
D:1:      lemuel_arrival_cross, layout_basic
D:2:      layout_basic, serial_glass, glass_columns_a, glass_columns_a,
          hex_medium
D:3:      minmay_angry_zag, layout_basic, tso_altar, first_ration
D:4:      layout_loops_ring, grunt_dithmenos_shadows,
          minmay_temple_entry_gardened_gates
D:5:      layout_loops_ring, bloody_trog, serial_shops, shop, chei_slow_surprise
D:6:      layout_basic, serial_shops, shop, gammafunk_ghost_smash,
          xom_teletrap_fun, uniq_pikel
Temple:   nicolae_temple_x_marks_the_god

Skill      XL: |  1  2  3  4  5  6  7  8 |
---------------+-------------------------+-----
Throwing       | 2 |  2.0
Dodging        | 3 4 5 |  5.4
Long Blades    | 4 5 6 7 |  7.9
Fighting       | 3 4 5 |  5.9
Evocations     | 1 2 3 4 |  4.3

Action                   |  1- 3 |  4- 6 |  7- 9 || total
-------------------------+-------+-------+-------++-------
Melee: Long sword        |    96 |   176 |   207 ||   479
       Tailslap          |     8 |    31 |    30 ||    69
 Abil: Breathe Frost     |       |       |     4 ||     4
Evoke: Wand              |       |     4 |     1 ||     5
  Use: Scroll            |       |     3 |     4 ||     7
       Potion            |       |     2 |     1 ||     3
 Stab: Sleeping          |     1 |       |       ||     1
       Paralysed         |       |     8 |     1 ||     9
       Distracted        |       |       |     1 ||     1
  Eat: Chunk             |       |     8 |     6 ||    14
       Ration            |       |       |     1 ||     1
Armor: Skin              |    41 |    41 |    75 ||   157
Dodge: Dodged            |   105 |   110 |   106 ||   321
       Rpst.: Long sword |    34 |    36 |    44 ||   114

Table legend:
 A = Non-vault XP
 B = Vault XP
 C = Vault XP percentage of total XP
 D = Non-vault monster count
 E = Vault monster count
 F = Vault count percentage of total count
                 A         B        C        D         E       F
            +---------+---------+-------+---------+---------+-------
      Total |    1789 |     730 |  29.0 |     120 |       7 |   5.5
            +---------+---------+-------+---------+---------+-------
        D:1 |      42 |       0 |   0.0 |      18 |       0 |   0.0
        D:2 |      84 |       0 |   0.0 |      30 |       0 |   0.0
        D:3 |      89 |      38 |  29.9 |      17 |       4 |  19.0
        D:4 |     784 |      11 |   1.4 |      29 |       1 |   3.3
        D:5 |     773 |      40 |   4.9 |      23 |       1 |   4.2
        D:6 |      17 |     641 |  97.4 |       3 |       1 |  25.0
            +---------+---------+-------+---------+---------+-------
